[Event "*** Titled Tuesday Blitz"]
[Site "Chess.com"]
[Date "2021.02.02"]
[Round "9"]
[White "ViktoriyaTarasova"]
[Black "catzapto"]
[Result "1-0"]
[WhiteElo "2288"]
[BlackElo "2115"]
[TimeControl "180+1"]
[EndTime "11:46:53 PST"]
[Termination "ViktoriyaTarasova won on time"]

1. d4 Nf6 2. c4 e6 3. Nc3 Bb4 4. Nf3 c6 5. Bg5 Qa5 6. Qc2 Ne4 7. Qxe4 Bxc3+ 8. Bd2 Bxd2+ 9. Nxd2 O-O 10. e3 d5 11. Qc2 Na6 12. Be2 Bd7 13. O-O Qc7 14. Rfc1 Rac8 15. c5 Nb8 16. b4 e5 17. a4 exd4 18.
exd4 Rfe8 19. Bf1 Qf4 20. Qc3 Bf5 21. Re1 Nd7 22. g3 Qh6 23. Nb3 Nf6 24. f3 Rxe1 25.
Rxe1 Re8 26. Rxe8+ Nxe8 27. Qe1 Kf8 28. Qe5 Qe6 29. f4 Qxe5 30. fxe5 f6 31. Kf2 fxe5 32. dxe5 Ke7 33. Ke3 Bc8 34. Bd3 g6 35. Kf4 Ng7 36. Kg5 Kf7 37. Kh6 Kg8 38. b5 Ne6 39. Bf1 d4 40.
Bh3 Kf7 41. Bxe6+ Kxe6 42. Nxd4+ Kxe5 43. Nf3+ Kd5 44. bxc6 bxc6 45. Kxh7 Kxc5 46. Kxg6 Kd5 47. h4 c5 48. h5 Ba6 49. Ne1 1-0

[Event "*** Titled Tuesday Blitz"]
[Site "Chess.com"]
[Date "2021.02.02"]
[Round "9"]
[White "ozates"]
[Black "Naaas1"]
[Result "1-0"]
[WhiteElo "2517"]
[BlackElo "2746"]
[TimeControl "180+1"]
[EndTime "11:46:54 PST"]
[Termination "ozates won by resignation"]

1. e4 c5 2. Nf3 d6 3. Bb5+ Nd7 4.
Ba4 Nf6 5. O-O e6 6. d4 cxd4 7.
Nxd4 a6 8. c4 Be7 9. Nc3 O-O 10.
Qe2 Qc7 11. Rd1 Nb6 12. Bb3 Bd7 13. Bg5 Rac8 14. Rac1 Rfe8 15. Nb1 Na4 16. Bxa4 Bxa4 17. b3 Bc6 18. Nc3 h6 19. Bh4 Qa5 20. Bg3 Qc5 21.
h3 Rcd8 22. Nd5 Qa5 23. Nxe7+ Rxe7 24. Nxc6 bxc6 25. Bxd6 Red7 26. e5 c5 27. exf6 Rxd6 28. Rxd6 Rxd6 29. Qg4 g6 30. Qf4 Qd2 31. Qxd2 Rxd2 32.
b4 cxb4 33. c5 Rd7 34. Rc4 a5 35. Kf1 Kf8 36. Ke2 Ke8 37. c6 Rc7 38. Kd3 a4 39. Kd4 b3 40. axb3 axb3 41. Kc5 Rc8 42. Rb4 Ra8 43. Rxb3 Kd8 44. Kd6 Kc8 45. Rb7 Ra2 46. Rxf7 Rd2+ 47. Kxe6 Rxf2 48. Rg7 Re2+ 49. Kd6 Rd2+ 50.
Ke5 Re2+ 51. Kd4 Re6 52. f7 1-0

[Event "*** Titled Tuesday Blitz"]
[Site "Chess.com"]
[Date "2021.02.02"]
[Round "9"]
[White "ftorodent"]
[Black "Snegokhod"]
[Result "1-0"]
[WhiteElo "2691"]
[BlackElo "2530"]
[TimeControl "180+1"]
[EndTime "11:46:54 PST"]
[Termination "ftorodent won by checkmate"]

1. d4 Nf6 2. c4 g6 3. Nf3 Bg7 4. Nc3 d5 5. cxd5 Nxd5 6. Bg5 h6 7. Bh4 Nxc3 8. bxc3 O-O 9. e3 c5 10. Qd2 Nc6 11.
Rc1 Qc7 12. Be2 e5 13. d5 Na5 14. e4 Qd6 15. O-O b6 16. Ne1 f5 17. f3 f4 18. Bf2 g5 19. g4 h5 20. h3 Kf7 21.
Kg2 Rh8 22. Nc2 Bd7 23. Na3 Rh6 24. Nb5 Bxb5 25. Bxb5 Rah8 26. Rh1 Bf8 27. c4 Qg6 28. Bd7 Bd6 29. gxh5 Rxh5 30. Bg4 R5h6 31. Qd3 Qf6 32. Be1 Nb7 33. Rb1 Qd8 34. Qa3 Bb8 35. Bc3 Re8 36. Rhd1 Nd6 37. Qb3 Qf6 38. a4 Kg8 39. a5 Bc7 40. axb6 Bxb6 41. Qa4 Re7 42. Qc6 Rc7 43. Qa4 Re7 44. Rdc1 Kg7 45. Ba5 Ne8 46. Bxb6 axb6 47. Qa8 Qd6 48. Ra1 Nf6 49. Bf5 g4 50.
hxg4 Nh7 51. Rh1 Ng5 52. Rxh6 Qxh6 53. Rh1 Qd6 54. Qh8+ Kf7 55. Rh6 Qc7 56. Rf6# 1-0

[Event "*** Titled Tuesday Blitz"]
[Site "Chess.com"]
[Date "2021.02.02"]
[Round "9"]
[White "Vugar_Manafov"]
[Black "NMJeevanK"]
[Result "1-0"]
[WhiteElo "2664"]
[BlackElo "2519"]
[TimeControl "180+1"]
[EndTime "11:46:54 PST"]
[Termination "Vugar_Manafov won by resignation"]

1. Nf3 Nf6 2. g3 d5 3. Bg2 e6 4. O-O c5 5. d3 Nc6 6. Nc3 Be7 7. e4 O-O 8. h3 d4 9. Ne2 e5 10. Nd2 b5 11. f4 Bb7 12. g4 exf4 13. Nxf4 Ne5 14.
Nf3 Nfd7 15. Bd2 Bd6 16. Qe2 Qc7 17. Nh5 Nxf3+ 18. Rxf3 Ne5 19. Rf2 c4 20. Bf4 Rae8 21. Raf1 Ng6 22. Bxd6 Qxd6 23. Rf5 Re5 24. Qf2 Re7 25. h4 Ne5 26. Qf4 cxd3 27. cxd3 Rd8 28. Qg3 a6 29. g5 Ng6 30. Qf2 Rf8 31. Nf4 Ne5 32. Qg3 Bc8 33. Nd5 Bxf5 34. Nxe7+ Qxe7 35. exf5 Re8 36. f6 Qb4 37. fxg7 Kxg7 38. Qf4 Qd6 39. Be4 Qe6 40. h5 Qg4+ 41. Qxg4 Nxg4 42. h6+ Kf8 43. Bxh7 Re5 44. Bg6 Rxg5 45. Rxf7+ Ke8 46.
Rg7+ Kd8 47. h7 Nf6+ 48. Kf1 Nxh7 49. Rg8+ Kc7 50. Bxh7 Rh5 51. Rg7+ Kb6 52. Be4 Rh2 53. Bg2 Rh1+ 54. Bxh1 1-0

[Event "*** Titled Tuesday Blitz"]
[Site "Chess.com"]
[Date "2021.02.02"]
[Round "9"]
[White "Das_Virus_2020"]
[Black "szefru"]
[Result "0-1"]
[WhiteElo "2409"]
[BlackElo "2252"]
[TimeControl "180+1"]
[EndTime "11:46:54 PST"]
[Termination "szefru won on time"]

1. e4 Nf6 2. Nc3 d5 3. exd5 Nxd5 4. Bc4 c6 5. Qf3 Be6 6. Nge2 Nc7 7. Bxe6 Nxe6 8. O-O g6 9. d4 Bg7 10. Rd1 O-O 11.
Be3 Nc7 12. Bf4 Nd7 13. d5 Nxd5 14. Nxd5 cxd5 15. Rxd5 e5 16. Rad1 exf4 17. Rxd7 Qc8 18. c3 g5 19. h4 h6 20. hxg5 hxg5 21. Qd5 Qe8 22. Kf1 Bf6 23. Qf5 Kg7 24. Rxb7 Rh8 25. Ng1 Rd8 26. Rbd7 Rxd7 27. Qxd7 Qb8 28. b3 Bxc3 29.
Qd3 Bf6 30. Re1 Rd8 31. Qe2 Qb4 32. Nf3 Rd7 33. Kg1 Re7 34. Qd1 Rxe1+ 35. Qxe1 Qa3 36. Qd2 Bb2 37. Ne1 Qxa2 38. Qc2 Qa1 39. Kh2 Be5 40. Nf3 Bf6 41. Qf5 Qa2 42. Nxg5 Qxb3 43. Qh7+ Kf8 44. Qh6+ Ke7 45. Nf3 Qc4 46. Qh5 Qe2 47. Qa5 Qxf2 48. Qb4+ Ke8 49. Qxf4 Be7 50. Qb8+ Bd8 51. Qxa7 Qxa7 0-1

[Event "*** Titled Tuesday Blitz"]
[Site "Chess.com"]
[Date "2021.02.02"]
[Round "9"]
[White "SaraciNderim"]
[Black "Chernobay_Artem"]
[Result "0-1"]
[WhiteElo "2817"]
[BlackElo "2630"]
[TimeControl "180+1"]
[EndTime "11:46:55 PST"]
[Termination "Chernobay_Artem won on time"]

1. d4 Nf6 2. Nf3 g6 3. Bg5 Bg7 4. e3 O-O 5. Nbd2 d6 6. Bc4 c5 7.
O-O Nc6 8. c3 Qc7 9. a4 h6 10.
Bh4 Nh5 11. Re1 cxd4 12. exd4 e5 13. Rc1 Kh7 14. dxe5 dxe5 15. Ne4 f5 16. Nd6 e4 17. Nb5 Qb6 18. Nfd4 Ne5 19. Be2 Nf4 20. Be7 Re8 21.
Bd6 Bd7 22. Bc7 Qf6 23. Bf1 a6 24. Bxe5 Qxe5 25. Na3 Rad8 26. Nc4 Qc7 27. Qb3 Ne6 28. Qb6 Qxb6 29. Nxb6 Nxd4 30. cxd4 Bxd4 31. a5 Bc6 32. Bxa6 e3 33. Kf1 exf2 34. Rxe8 Rxe8 35. Be2 Rxe2 36. Kxe2 Bxg2 37. Nc4 f4 38. Nd2 Be3 39. Rc7+ Kg8 40. Nf1 Bd4 41. Nd2 g5 42. b4 g4 43. Rc4 Be3 44. Nf1 Bf3+ 45. Kd3 g3 46. hxg3 Bg2 0-1

[Event "*** Titled Tuesday Blitz"]
[Site "Chess.com"]
[Date "2021.02.02"]
[Round "9"]
[White "Michaelson_11"]
[Black "Kapitan_Bayan"]
[Result "0-1"]
[WhiteElo "2289"]
[BlackElo "2446"]
[TimeControl "180+1"]
[EndTime "11:46:58 PST"]
[Termination "Kapitan_Bayan won by checkmate"]

1. e4 Nc6 2. Nf3 e5 3. Nc3 Nf6 4.
Be2 d5 5. exd5 Nxd5 6. O-O Nxc3 7.
bxc3 Bd6 8. d4 exd4 9. Nxd4 Nxd4 10. cxd4 O-O 11. Qd3 Qh4 12. g3 Qh3 13. Bb2 Bf5 14. Qc3 Be4 15. Bf3 Rae8 16. Rfe1 Bb4 17. Bxe4 Bxc3 18. Bxc3 c6 19. Bb4 f5 20. Bg2 Qg4 21.
Bxf8 Rxe1+ 22. Rxe1 Kxf8 23. d5 cxd5 24. Bxd5 f4 25.
Bxb7 fxg3 26. hxg3 Qb4 27. Re3 Qxb7 28. a3 Qb1+ 29. Kh2 Qxc2 30. Kg2 g6 31. Rf3+ Kg7 32. Re3 h5 33. Kg1 Qc1+ 34. Kg2 a5 35. Kh2 Qb2 36.
Kg2 a4 37. Kg1 Qc1+ 38. Kg2 Kh6 39. Kh2 Qf1 40. Rf3 g5 41. Rf6+ Kg7 42. f4 Qf2+ 43. Kh3 g4+ 44. Kh4 Qh2+ 45. Kg5 Qxg3 46. Rb6 Qf3 47. Ra6 Qd5+ 48. f5 g3 49. Ra7+ Kf8 50. Kf6 Qd4+ 51. Kg6 Qxa7 52. f6 Qf7+ 53. Kh6 g2 54.
Kg5 g1=Q+ 55. Kh6 Qgg6# 0-1

[Event "*** Titled Tuesday Blitz"]
[Site "Chess.com"]
[Date "2021.02.02"]
[Round "9"]
[White "FMalexhdez"]
[Black "Eternauta2400"]
[Result "1-0"]
[WhiteElo "2209"]
[BlackElo "2404"]
[TimeControl "180+1"]
[EndTime "11:46:59 PST"]
[Termination "FMalexhdez won by checkmate"]

1. e4 e5 2. Nf3 Nc6 3. Bc4 Nf6 4.
d3 Bc5 5. c3 d6 6. Nbd2 O-O 7.
Qe2 a5 8. a4 Be6 9. O-O Bb6 10.
Bxe6 fxe6 11. Nc4 Bc5 12. Be3 Bxe3 13. fxe3 Qe8 14. Nh4 Qh5 15. Qxh5 Nxh5 16. d4 exd4 17. exd4 d5 18. exd5 exd5 19. Ne3 Nf4 20. Nhf5 g5 21. g3 Nd3 22. Nxd5 Nxb2 23. Rab1 Nxa4 24. Rxb7 Rad8 25. Nfe7+ Nxe7 26. Nxe7+ Kh8 27. Rxf8+ Rxf8 28. Rxc7 Re8 29. d5 Nxc3 30. d6 Nb5 31. Rc8 Nxd6 32. Rc7 Rc8 33.
Ra7 Rc1+ 34. Kg2 Nc4 35. Nf5 h5 36. Kf3 Rf1+ 37. Ke4 Nd2+ 38. Ke5 Nc4+ 39. Kf6 Nd6 40. Kg6 Re1 41. Nxd6 Re6+ 42. Kxg5 Rxd6 43. Rxa5 Kg7 44. Kxh5 Rh6+ 45. Kg5 Rxh2 46. g4 Re2 47. Ra7+ Kg8 48. Kf6 Rb2 49. Ra8+ Kh7 50. Ra7+ Kg8 51. Ra6 Rf2+ 52. Kg6 Rg2 53. Ra8# 1-0

[Event "*** Titled Tuesday Blitz"]
[Site "Chess.com"]
[Date "2021.02.02"]
[Round "9"]
[White "LucaBrasi1968"]
[Black "NaciSAN"]
[Result "1-0"]
[WhiteElo "2521"]
[BlackElo "2320"]
[TimeControl "180+1"]
[EndTime "11:47:00 PST"]
[Termination "LucaBrasi1968 won on time"]

1. d4 Nf6 2. Nf3 g6 3. Bg5 Bg7 4. e3 O-O 5. Bd3 d5 6. Nbd2 Nbd7 7. O-O c5 8. c3 b6 9. Qe2 Bb7 10. a4 a6 11. h3 h6 12. Bf4 Re8 13. Ne5 Nxe5 14.
Bxe5 Ne4 15. Bxg7 Kxg7 16. Nxe4 dxe4 17. Bc4 cxd4 18. exd4 e6 19. Rfd1 Qg5 20. Qe3 b5 21. Qxg5 hxg5 22. axb5 axb5 23. Bxb5 Reb8 24. Be2 f5 25. b4 f4 26. b5 Kf6 27. c4 Ke7 28. c5 Bd5 29. b6 Kd8 30. Bb5 Kc8 31. Rdb1 Kb7 32. Kf1 Bc6 33. Bc4 Bd5 34. Bxd5+ exd5 35. Ke2 Kc6 36. Kd2 Kb7 37. Kc3 Kc6 38. Re1 Kb7 39.
Kb2 Kc6 40. Kc3 Kb7 41. Kb4 Kc6 42. Rh1 Rh8 43. Rhe1 Rhb8 44. Rec1 Rh8 45. Kc3 Rhb8 46. Rcb1 Rh8 47. Kb2 Rhb8 48. Kc2 Rh8 49. Kd2 Rhb8 50. Ke2 Rh8 51. Kf1 Rhb8 52. g3 Rh8 53. Kg2 Rhb8 54. h4 gxh4 55. gxh4 1-0

[Event "*** Titled Tuesday Blitz"]
[Site "Chess.com"]
[Date "2021.02.02"]
[Round "9"]
[White "Sergienko_Sergey"]
[Black "cstevens1"]
[Result "1/2-1/2"]
[WhiteElo "2389"]
[BlackElo "2661"]
[TimeControl "180+1"]
[EndTime "11:47:00 PST"]
[Termination "Game drawn by repetition"]

1. e4 c5 2. Nf3 e6 3. d3 d5 4.
Nbd2 Nc6 5. g3 Nge7 6. Bg2 g6 7. O-O Bg7 8. Re1 h6 9. h4 b6 10. Qe2 Ba6 11. e5 Qc7 12. Nf1 Bb7 13. Bf4 g5 14. hxg5 Ng6 15. gxh6 Nxf4 16. gxf4 Bxh6 17. f5 Bf4 18. Ng3 O-O-O 19. c3 Rdg8 20. f6 Bxg3 21. fxg3 Rxg3 22. Kf2 Rhg8 23. Rg1 d4 24.
Bh1 Rxg1 25. Rxg1 Rh8 26. c4 Nb4 27. a3 Na6 28. Bg2 Nb8 29. Ng5 Nc6 30. Nf3 Rg8 31. Bh1 Rh8 32. Bg2 Qd8 33. Qe4 Qf8 34. Qf4 Nd8 35. Rh1 Rg8 36. Rh7 Qe8 37. Bh1 Qa4 38. Nd2 Qb3 39. Bxb7+ Nxb7 40. Rg7 Qc2 41. Rxg8+ Kd7 42. Rg7 Nd8 43. Rg2 Qxd3 44. Ke1 Qc2 45. Qe4 Qc1+ 46. Ke2 Qxb2 47. Rg8 Qc3 48. Rxd8+ Kxd8 49. Qa8+ Kd7 50. Qxa7+ Kc6 51. Qa8+ Kc7 52. Qa7+ Kc6 53.
Qa8+ Kc7 54. Qa7+ Kc6 1/2-1/2

[Event "*** Titled Tuesday Blitz"]
[Site "Chess.com"]
[Date "2021.02.02"]
[Round "9"]
[White "Vanina1989"]
[Black "gilbert_gm"]
[Result "1-0"]
[WhiteElo "2700"]
[BlackElo "2533"]
[TimeControl "180+1"]
[EndTime "11:47:01 PST"]
[Termination "Vanina1989 won by resignation"]

1. d4 Nf6 2. c4 e6 3. Nf3 Bb4+ 4. Bd2 Be7 5. g3 O-O 6. Bg2 c5 7. dxc5 Bxc5 8. O-O d5 9. cxd5 Nxd5 10. Qc2 Be7 11. Nc3 Nc6 12. Nxd5 exd5 13. Rad1 Be6 14. Bc3 Rc8 15. Qd2 Bf6 16. Nd4 Nxd4 17. Bxd4 Bxd4 18. Qxd4 Qa5 19. a3 Rc4 20. Qd2 Qxd2 21. Rxd2 Rfc8 22. Rfd1 g6 23. f4 Rc1 24. Rxc1 Rxc1+ 25. Kf2 Kg7 26.
Bxd5 Bxd5 27. Rxd5 Rc2 28. Rb5 b6 29. g4 h6 30. h4 Kf6 31. g5+ hxg5 32. hxg5+ Ke6 33. Ke3 f6 34. Kd3 Rc1 35. gxf6 Kxf6 36. Re5 Rf1 37. e3 Rc1 38. Re8 Rd1+ 39. Kc2 Re1 40. Re5 Re2+ 41. Kc3 Re1 42. Re8 Kf7 43. Re4 Kf6 44. Kc4 Rc1+ 45. Kb5 Rc7 46. a4 Rc5+ 47.
Ka6 Ra5+ 48. Kb7 b5 49. b3 bxa4 50. bxa4 Kf5 51. Rb4 Kf6 52. e4 Ke6 53. Kc7 Kf6 54.
Rc4 Ke7 55. Kb7 Kd7 56. Rc7+ Ke6 57. Rc6+ Kf7 58. Ra6 Rc5 59. Rxa7 Rc4 60. Kb6+ Ke6 61. Ra8 Rb4+ 62. Kc5 Rb1 63. a5 Kd7 64. a6 Rc1+ 65. Kd5 1-0

[Event "*** Titled Tuesday Blitz"]
[Site "Chess.com"]
[Date "2021.02.02"]
[Round "9"]
[White "GM_LOADING"]
[Black "Julianos82"]
[Result "1-0"]
[WhiteElo "2468"]
[BlackElo "2316"]
[TimeControl "180+1"]
[EndTime "11:47:01 PST"]
[Termination "GM_LOADING won by resignation"]

1. d4 d5 2. Nf3 c6 3. c3 Bg4 4. Bf4 Nd7 5. e3 e6 6. Be2 f5 7. h3 Bxf3 8. Bxf3 Ngf6 9. g4 Ne4 10. Nd2 Bd6 11. Bxe4 Bxf4 12. Bxf5 Bxe3 13. Bxe6 Qh4 14. Qe2 Bxd2+ 15. Kxd2 O-O-O 16. f4 Kb8 17. Bxd7 Rxd7 18. Rae1 a6 19. Qf3 Rc8 20. Kc2 c5 21. dxc5 d4 22. cxd4 Rxd4 23. Re5 Qf6 24. Rhe1 Rxf4 25. Qd5 Rf2+ 26. Kb1 Qg6+ 27. Ka1 Qc2 28. Qd6+ Ka8 29.
Qb6 Rff8 30. Re7 Qg2 31. a3 Rf1 32. Rxf1 Qxf1+ 33. Ka2 Qc4+ 34. Qb3 Qxb3+ 35. Kxb3 Rxc5 36. Rxg7 Rb5+ 37. Ka2 h5 38. g5 h4 39. g6 Ka7 40.
Rg8 Rg5 41. g7 a5 42. Kb3 Kb6 43. Kc4 Rg3 44. Kd4 Kb5 45. b3 a4 46. bxa4+ Kb6 47.
a5+ Kb5 48. Kd5 Rg6 49. Ke5 Rg3 50. Kd6 Ka4 51. Kc7 Kxa3 52. Kxb7 Kb4 53. a6 Rxh3 54.
Rc8 1-0

[Event "*** Titled Tuesday Blitz"]
[Site "Chess.com"]
[Date "2021.02.02"]
[Round "9"]
[White "queen_iryna"]
[Black "starplatinum2030"]
[Result "1-0"]
[WhiteElo "2326"]
[BlackElo "2102"]
[TimeControl "180+1"]
[EndTime "11:47:01 PST"]
[Termination "queen_iryna won by resignation"]

1. e4 c5 2. Nf3 e6 3. c4 Nc6 4.
Nc3 Nf6 5. Be2 Be7 6. d4 cxd4 7. Nxd4 d5 8. cxd5 exd5 9. exd5 Nxd5 10. Nxd5 Qxd5 11.
Nxc6 Qxc6 12. O-O O-O 13. Bf3 Qb6 14. Qe2 Bf6 15. Be3 Qxb2 16. Qxb2 Bxb2 17. Rab1 Bf6 18. Bxb7 Bxb7 19. Rxb7 Rfb8 20. Rfb1 Rxb7 21. Rxb7 Rc8 22. Rxa7 Bd4 23. Ra4 Bxe3 24. fxe3 Kf8 25. Kf2 Rc2+ 26. Kf3 Ke7 27. Ra6 f6 28. a4 Ra2 29. a5 Kf7 30. h3 Kg6 31. g4 Kg5 32. Ra7 g6 33. Rxh7 f5 34. h4+ Kf6 35. g5+ Ke5 36. Ra7 Ra4 37.
Ra6 Rxh4 38. Rxg6 Rh3+ 39. Kf2 Rh2+ 40. Kg3 Ra2 41. a6 Ke4 42. Re6+ Kd5 43. Rb6 Ke4 44. g6 Kxe3 45. g7 f4+ 46. Kh4 Rh2+ 47. Kg5 f3 48. Rb3+ Ke4 49. a7 f2 50. a8=Q+ Kd4 51.
Qa4+ Ke5 52. Rb5+ Kd6 53. Qa6+ Kc7 54. Rb7+ 1-0

[Event "*** Titled Tuesday Blitz"]
[Site "Chess.com"]
[Date "2021.02.02"]
[Round "9"]
[White "AsaHoffmann"]
[Black "chegueps"]
[Result "1/2-1/2"]
[WhiteElo "2360"]
[BlackElo "2487"]
[TimeControl "180+1"]
[EndTime "11:47:02 PST"]
[Termination "Game drawn by repetition"]

1. d4 Nf6 2. Bg5 Ne4 3. Bf4 d5 4. f3 Nd6 5. Nc3 c6 6. e4 e6 7. Bd3 Be7 8. Qd2 Nd7 9. Nge2 Nc4 10. Bxc4 dxc4 11. O-O O-O 12. a4 b6 13. Rfd1 Bb7 14.
Bg3 a6 15. Qe3 b5 16. a5 Qc8 17. Kh1 Nf6 18. Nf4 Rd8 19. d5 cxd5 20. exd5 Bc5 21. Qe5 exd5 22. Nfxd5 Nxd5 23. Nxd5 Bxd5 24. Rxd5 Rxd5 25.
Qxd5 Bf8 26. Rd1 Bb4 27. Be1 Be7 28. Qd7 Kf8 29. Bc3 Qxd7 30. Rxd7 Rd8 31. Rxd8+ Bxd8 32. Kg1 Be7 33. Kf2 Bc5+ 34. Ke2 g6 35. b4 Ba7 36. Bd2 Ke7 37. Be3 Bb8 38. g3 Ke6 39. c3 Kd5 40.
Bd4 Bd6 41. Ke3 f5 42. f4 Bc7 43. Bf6 Bd6 44. Bg7 Be7 45. Bh8 g5 46. Bg7 h5 47.
Bh6 g4 48. Bg7 h4 49. Bd4 h3 50. Bg7 Bd6 51. Bh8 Bb8 52. Bg7 Ba7+ 53. Ke2 Ke4 54. Bf6 Be3 55. Bg7 Bg1 56. Kf1 Bxh2 57.
Kf2 Kd3 58. Be5 Ke4 59. Bd6 Kd3 60. Be5 Kd2 61. Bf6 Kd3 62. Be5 1/2-1/2

[Event "*** Titled Tuesday Blitz"]
[Site "Chess.com"]
[Date "2021.02.02"]
[Round "9"]
[White "Reader777"]
[Black "FairChess_on_YouTube"]
[Result "0-1"]
[WhiteElo "2816"]
[BlackElo "2940"]
[TimeControl "180+1"]
[EndTime "11:47:04 PST"]
[Termination "FairChess_on_YouTube won by resignation"]

1. d4 Nf6 2. c4 c6 3. Nf3 d5 4.
g3 e6 5. Bg2 Be7 6. O-O O-O 7.
b3 b5 8. Bb2 bxc4 9. bxc4 Ba6 10.
Ne5 Nfd7 11. Nxd7 Nxd7 12. cxd5 cxd5 13. Nd2 Rb8 14. Rb1 Qa5 15. a3 Rb6 16. Re1 Rfb8 17. Qc1 Rc8 18. Qd1 Bxa3 19. Bxa3 Qxa3 20. Ra1 Qb2 21. e4 Rc2 22. Nf1 Rxf2 23. Ne3 dxe4 24. Qa4 Nf6 25. h3 h6 26. Rab1 Rxg2+ 27. Nxg2 Qxb1 28. Rxb1 Rxb1+ 29. Kh2 Bb7 30. Qxa7 e3 31. Qa2 Be4 32. g4 Nd5 33. Qa8+ Kh7 34. Nxe3 Rb2+ 35. Kg1 Rb3 36. Nxd5 Bxd5 37. Qf8 Rxh3 38.
Qxf7 Rg3+ 39. Kh2 Rxg4 40. Qe7 Rxd4 41. Kg3 Rd3+ 42. Kf4 Rf3+ 43. Ke5 Rf5+ 44. Kd4 h5 45. Qh4 Kg6 46. Qg3+ Rg5 47. Qd6 h4 48. Qf4 h3 49.
Qh4 Rh5 50. Qg3+ Kh6 51. Qf4+ Kh7 52. Qh2 Rh4+ 53. Ke5 Kh6 54. Qg3 Rh5+ 55. Kf4 h2 0-1

[Event "*** Titled Tuesday Blitz"]
[Site "Chess.com"]
[Date "2021.02.02"]
[Round "9"]
[White "JTCoach"]
[Black "kirillshevchenko"]
[Result "1/2-1/2"]
[WhiteElo "2710"]
[BlackElo "2831"]
[TimeControl "180+1"]
[EndTime "11:47:05 PST"]
[Termination "Game drawn by repetition"]

1. d4 Nf6 2. Bg5 g6 3. Bxf6 exf6 4. e3 f5 5. Nd2 Bg7 6. g3 h5 7. h4 d5 8. Bg2 c6 9. Ne2 Nd7 10. c4 dxc4 11. Nxc4 Nb6 12. Nd2 O-O 13. O-O Qe7 14.
Nb3 Be6 15. Nf4 Bc4 16. Re1 Bh6 17. Nd3 Bd5 18. Nbc5 Rfd8 19. b4 Bxg2 20. Kxg2 Nd5 21. Qf3 a5 22. a3 b6 23. Ne5 Rac8 24. Ncd3 axb4 25. axb4 c5 26. bxc5 bxc5 27. Rec1 Bg7 28. Ra6 Bxe5 29. Nxe5 Nb4 30. Nxg6 Qe4 31. Qxe4 fxe4 32.
Ne7+ Kf8 33. Nxc8 Nxa6 34. Na7 cxd4 35. Nc6 Rc8 36. exd4 Nb4 37. d5 Nxd5 38. Rc2 e3 39. Kf3 exf2 40. Kxf2 Nf6 41. Nd4 Ng4+ 42. Kf3 Re8 43. Nf5 f6 44. Kf4 Re1 45. Rc8+ Kf7 46. Rc7+ Kf8 47. Rc8+ Kf7 48. Rc7+ Kg8 49. Rc8+ Kh7 50.
Rc7+ Kh8 51. Rc8+ Kh7 52. Rc7+ Kg8 53. Rc8+ Kf7 1/2-1/2

[Event "*** Titled Tuesday Blitz"]
[Site "Chess.com"]
[Date "2021.02.02"]
[Round "9"]
[White "DamianoLew95"]
[Black "DanilNajdin"]
[Result "1-0"]
[WhiteElo "2597"]
[BlackElo "2467"]
[TimeControl "180+1"]
[EndTime "11:47:05 PST"]
[Termination "DamianoLew95 won by resignation"]

1. d4 f5 2. Nh3 Nf6 3. g3 e6 4. Nf4 d6 5. h4 c6 6. Bg2 e5 7. dxe5 dxe5 8. Qxd8+ Kxd8 9. Nd3 e4 10. Nf4 Bd6 11.
Be3 Ke7 12. Nd2 Nbd7 13. Nc4 Bc7 14. Bd4 b6 15. Ne3 Ne5 16. O-O-O Bd7 17. f3 Rad8 18. Bc3 Rhe8 19. h5 Bc8 20. h6 g5 21. Nh5 Rxd1+ 22. Kxd1 Nxh5 23. Rxh5 exf3 24. exf3 Nf7 25. Nf1 Ba6 26. Ke1 Bxf1 27. Kxf1 Bxg3 28. Bh3 Ke6 29.
Bd2 Bh4 30. f4 Kf6 31. fxg5+ Bxg5 32. Bxg5+ Nxg5 33. Bg2 Ne4 34. Rh2 Rd8 35. Ke1 Rd6 36. Bf3 Ke5 37. Be2 Ng3 38. Bd3 c5 39. b3 f4 40. Rh4 Nf5 41. Rh5 Rf6 42. Kf2 Ke6 43. Kf3 Nxh6 44. Bxh7 Nf7 45. Bg8 Ke7 46. Rh7 Kf8 47.
Bxf7 Rxf7 48. Rxf7+ Kxf7 49. Kxf4 Kf6 50. Ke4 Ke6 51.
c4 a6 52. a3 Kd6 53. Kf5 b5 54.
Kf6 a5 55. a4 bxa4 56. bxa4 Kd7 57. Ke5 Kc6 58. Ke6 Kc7 59. Kd5 Kb6 60. Kd6 Kb7 61.
Kxc5 1-0

[Event "*** Titled Tuesday Blitz"]
[Site "Chess.com"]
[Date "2021.02.02"]
[Round "9"]
[White "DinaBelenkaya"]
[Black "Artem_Sadovsky"]
[Result "0-1"]
[WhiteElo "2387"]
[BlackElo "2558"]
[TimeControl "180+1"]
[EndTime "11:47:05 PST"]
[Termination "Artem_Sadovsky won by checkmate"]

1. e4 g6 2. d4 Bg7 3. Nc3 d6 4. f4 Nd7 5. Bd3 Bxd4 6. Nf3 Bg7 7. Be3 c5 8. Bc4 Nb6 9. Be2 Nf6 10. h3 O-O 11. O-O Nh5 12. Qe1 f5 13. e5 d5 14.
Bxc5 Nxf4 15. Rd1 Qc7 16. Ba3 Rd8 17. Bd3 a6 18. Qg3 Nxd3 19. cxd3 d4 20. Ne2 Nd5 21.
Rc1 Qb6 22. Bc5 Qxb2 23. Nexd4 Ne3 24. Rfe1 f4 25. Qf2 Qxf2+ 26. Kxf2 Nd5 27. Nb3 h6 28. d4 g5 29. Nfd2 b6 30. Ba3 Bb7 31. Ne4 Rac8 32. Ned2 Kf7 33. g3 Ke6 34. g4 Rxc1 35. Rxc1 Rc8 36. Rxc8 Bxc8 37. Nc4 Bd7 38. Nbd2 Bc6 39. Nf3 Nc3 40. Nxb6 Nxa2 41. Nc4 Nc3 42. Nfd2 Nb5 43. Bc5 Bd5 44. Nb6 Bc6 45. Ndc4 Nc3 46. Na5 Bd5 47. Nxd5 Kxd5 48. Nb7 Bxe5 49. dxe5 Kc6 50. Bxe7 Kxb7 51. h4 Kc6 52. hxg5 hxg5 53. Bxg5 Ne4+ 54. Kf3 Nxg5+ 55.
Kxf4 Ne6+ 56. Kf5 Kd5 57. g5 a5 58. g6 a4 59. g7 Nxg7+ 60. Kf6 Ne6 61. Kf7 a3 62. Kg8 a2 63. Kh7 a1=Q 64. Kg8 Qg1+ 65. Kh7 Qg7# 0-1

[Event "*** Titled Tuesday Blitz"]
[Site "Chess.com"]
[Date "2021.02.02"]
[Round "9"]
[White "almo64"]
[Black "anon219"]
[Result "1-0"]
[WhiteElo "2747"]
[BlackElo "2874"]
[TimeControl "180+1"]
[EndTime "11:47:06 PST"]
[Termination "almo64 won by resignation"]

1. e4 e6 2. d4 d5 3. e5 c5 4. Nf3 cxd4 5. Nxd4 Nc6 6. Bb5 Bd7 7. Nxc6 bxc6 8.
Bd3 Qc7 9. Qe2 Ne7 10. O-O c5 11. c3 Nc6 12. Re1 Rb8 13. Nd2 g6 14. Nf3 Bg7 15. h4 O-O 16. h5 Ne7 17. Bg5 f6 18. exf6 Bxf6 19. hxg6 hxg6 20. Rad1 Kg7 21. Qd2 Bxg5 22. Qxg5 Rf6 23. Ne5 Rh8 24. Ng4 Rf7 25. Qe5+ Qxe5 26.
Nxe5 Be8 27. Nxf7 Bxf7 28. c4 Nc6 29. cxd5 exd5 30. b3 Kf6 31. Rc1 c4 32. bxc4 Ne5 33. Re3 dxc4 34. Be2 g5 35. Ra3 Rd8 36. Ra6+ Kf5 37.
Rxa7 Rd2 38. Rxf7+ Nxf7 39. Bxc4 Ne5 40. Bb3 Ng4 41. Re1 Ne5 42. Rd1 Rb2 43. g3 Nf3+ 44.
Kf1 Nd2+ 45. Kg2 Nxb3 46. axb3 Rxb3 47. Rd5+ Kf6 48. Kh3 Rb4 49. f3 Kg6 50. Rd6+ Kf5 51. g4+ Ke5 52. Rg6 Kf4 53. Rf6+ Ke3 54. Kg3 Rb1 55. Re6+ Kd4 56. Rd6+ Ke5 57. Rg6 1-0

[Event "*** Titled Tuesday Blitz"]
[Site "Chess.com"]
[Date "2021.02.02"]
[Round "9"]
[White "Gusarov91"]
[Black "poliplaza"]
[Result "1-0"]
[WhiteElo "1288"]
[BlackElo "2500"]
[TimeControl "180+1"]
[EndTime "11:47:06 PST"]
[Termination "Gusarov91 won by checkmate"]

1. d4 Nf6 2. Nf3 e6 3. c4 c5 4. d5 exd5 5. cxd5 d6 6. Nc3 g6 7. h3 Bg7 8. Bf4 O-O 9. Qb3 a6 10. a4 Qc7 11. Nd2 Re8 12. e3 Nbd7 13. Nc4 Bf8 14.
a5 Nh5 15. Bh2 f5 16. Be2 Nhf6 17. O-O Rb8 18. Na4 Kg7 19. Nab6 Nxb6 20. Nxb6 Qf7 21. Rfd1 Ne4 22. Bd3 Bd7 23. Bxe4 Rxe4 24. Qc3+ Kg8 25. Rd2 Bb5 26. Bg3 Rbe8 27. Qc2 g5 28. Ra3 f4 29. exf4 gxf4 30. Bh4 Qh5 31. Bf6 Qg6 32. Bh4 Qh5 33. Bf6 Qg6 34. Bh4 Bf1 35. f3 Bb5 36. Kh2 Re2 37.
Rxe2 Rxe2 38. Qxg6+ hxg6 39. Bg5 Rxb2 40. Bxf4 c4 41. Nc8 Rb3 42. Ra2 c3 43. Nxd6 Rb2 44. Ra3 c2 45. Rc3 Bg7 46. Rc8+ Kh7 47. Nf7 Bd3 48.
Ng5+ Kh6 49. Ne6+ Kh7 50. Rc7 Kh8 51. Rxg7 Rb1 52. Rc7 b5 53. Be5+ Kg8 54. Ng5 Kf8 55. Bf4 b4 56. d6 Bf5 57. g4 b3 58. gxf5 b2 59. Ne6+ Ke8 60. Re7# 1-0

[Event "*** Titled Tuesday Blitz"]
[Site "Chess.com"]
[Date "2021.02.02"]
[Round "9"]
[White "profofchess"]
[Black "Zmof"]
[Result "0-1"]
[WhiteElo "2379"]
[BlackElo "2146"]
[TimeControl "180+1"]
[EndTime "11:47:06 PST"]
[Termination "Zmof won on time"]

1. e4 c5 2. Nf3 Nc6 3. Bb5 g6 4. O-O Bg7 5. Re1 e5 6. Bxc6 bxc6 7. c3 Ne7 8. d4 cxd4 9. cxd4 exd4 10. Nxd4 O-O 11.
Nc3 d6 12. Bg5 Bb7 13. Qd2 Re8 14. Rad1 Qb6 15. Nb3 Rad8 16. Qf4 Be5 17. Qh4 Qc7 18. Re3 Bc8 19. Kh1 Be6 20. f4 Bg7 21. Nd4 c5 22. Nxe6 fxe6 23. Rh3 h5 24. Rg3 Kh7 25. Rgd3 d5 26.
g4 Bxc3 27. bxc3 Kg8 28. gxh5 dxe4 29. hxg6 Nxg6 30. Rxd8 Nxh4 31. Rxe8+ Kf7 32. Re7+ Qxe7 33. Bxe7 Kxe7 34. Kg1 Kf6 35. Kf2 Kf5 36. Kg3 Ng6 37. h4 Nxf4 38. Rf1 e5 39. h5 Kg5 40. h6 Kxh6 41. Re1 Kg5 42. Rxe4 Kf5 43. Ra4 Ne2+ 44. Kf3 Nxc3 45. Rxa7 e4+ 46. Ke3 Nd5+ 47. Ke2 Ke5 48. a4 Kd4 49. Rb7 Nc3+ 50. Kd2 Nxa4 51. Rd7+ Kc4 52.
Ke3 Nc3 53. Rd8 Kb3 54. Rb8+ Kc2 55. Rc8 Nd5+ 56. Kxe4 Nb4 0-1